 Dungeon Crawl Stone Soup version 0.29-a0-352-g0917bc69df (webtiles) character file.

Game seed: 16853275554984481401

151 Agony the Skirmisher (level 5, -1/53 HPs)
             Began as a Troll Fighter on Apr 24, 2022.
             Slain by Duvessa
             ... wielding a +0 rapier
              (11 damage)
             ... on level 4 of the Dungeon.
             The game lasted 00:05:11 (2915 turns).

Agony the Skirmisher (Troll Fighter)                Turns: 2915, Time: 00:05:11

Health: -1/53      AC:  4    Str: 26    XL:     5   Next: 10%
Magic:  4/4        EV:  9    Int:  4    God:
Gold:   149        SH: 12    Dex:  9    Spells: 4/4 levels left

rFire   . . .      SeeInvis .   a - +0 flail
rCold   . . .      Faith    .   c - +0 kite shield
rNeg    + . .      Spirit   .   b - +0 robe
rPois   +          Reflect  +   (helmet restricted)
rElec   .          Harm     .   (no cloak)
rCorr   .          Rampage  .   (gloves unavailable)
Will    .....                   (boots unavailable)
Stlth   +.........              f - amulet of reflection
HPRegen 0.97/turn               g - ring of positive energy
MPRegen 0.09/turn               k - ring of poison resistance

@: mighty
A: large, unfitting armour, claws 3, regeneration 1, shaggy fur 1, tough skin 1
a: no special abilities


You were on level 4 of the Dungeon.
You visited 1 branch of the dungeon, and saw 4 of its levels.

You collected 149 gold pieces.

Inventory:

Hand Weapons
 a - a +0 flail (weapon)
 e - a +0 mace
 o - a +0 great mace
Armour
 b - a +0 robe (worn)
 c - a +0 kite shield (worn)
Jewellery
 f - an amulet of reflection (around neck)
 g - a ring of positive energy (left claw)
 i - a ring of wizardry
 k - a ring of poison resistance (right claw)
 m - an amulet of magic regeneration
Wands
 s - a wand of paralysis (8)
Scrolls
 j - a scroll of torment {unknown}
 l - 2 scrolls of teleportation {unknown}
 n - a scroll of holy word {unknown}
 q - a scroll of immolation {unknown}
 r - a scroll of acquirement {unknown}
Potions
 d - 2 potions of might
 h - 2 potions of curing
 p - 2 potions of heal wounds {unknown}


   Skills:
 + Level 3.2 Fighting
 + Level 2.8 Maces & Flails
 + Level 3.1 Dodging
 + Level 3.1 Shields


You had 4 spell levels left.
You didn't know any spells.
Your spell library contained the following spells:

 Spells                   Type           Power      Damage    Failure   Level
 Summon Small Mammal      Summ           0%         N/A       80%         1
 Call Canine Familiar     Summ           0%         N/A       99%         3
 Ignite Poison            Fire/Tmut/Pois 0%         N/A       99%         3
 Mephitic Cloud           Conj/Pois/Air  0%         N/A       99%         3
 Portal Projectile        Hex/Tloc       0%         N/A       99%         3
 Summon Guardian Golem    Hex/Summ       0%         N/A       99%         3
 Blade Hands              Tmut           0%         N/A       100%        5
 Excruciating Wounds      Necr           0%         N/A       100%        5
 Freezing Cloud           Conj/Ice/Air   0%         6-21      100%        5


Dungeon Overview and Level Annotations

Branches:
Dungeon (4/15)
 Temple: D:4-7

Altars:
Gozag

Annotations:
D:4 Dowan, Duvessa


Innate Abilities, Weirdness & Mutations

You are too large for most types of armour.
You have claws for hands.
Your natural rate of healing is unusually fast.
You are covered in fur. (AC +1)
You have tough skin. (AC +1)


Message History

Duvessa hits you with a +0 rapier. Duvessa barely misses you.
You barely miss Duvessa.
Duvessa is lightly wounded.
Duvessa drinks a potion.
Duvessa suddenly seems more resistant.
You thump Duvessa!
Duvessa is moderately wounded.
Duvessa hits you with a +0 rapier! You block Duvessa's attack.
You barely miss Duvessa.
Duvessa is moderately wounded.
Duvessa misses you.
You barely miss Duvessa.
Duvessa is moderately wounded.
Duvessa barely misses you.
You closely miss Duvessa.
Duvessa is moderately wounded.
You block Duvessa's attack. Duvessa hits you with a +0 rapier!
You hit Duvessa but do no damage.
Duvessa is moderately wounded.
You block Duvessa's attack.
You sock Duvessa!
Duvessa is severely wounded.
You block Duvessa's attack. Dowan casts a spell at you.
The puff of frost hits you!
You hit Duvessa but do no damage.
Duvessa is severely wounded.
You block Duvessa's attack.
Dowan points at you and mumbles some strange words.
The puff of frost hits you. Duvessa hits you with a +0 rapier!
* * * LOW HITPOINT WARNING * * *
You feel very mighty all of a sudden. You block Duvessa's attack.
You sock Duvessa!
Duvessa is almost dead.
Duvessa hits you with a +0 rapier!
* * * LOW HITPOINT WARNING * * *
You closely miss Duvessa.
Duvessa is almost dead.
Duvessa hits you with a +0 rapier!
You die...

#........###..##...#
##..e.e..#.#...#....
#......#.........#..
#....#.........###
##..........†††.
##............#..
##.............##.
####e#.............##
##.##@#..............#
#........#...........#
#.......(#.........###
#..##.#..##........#
###########....#...#
###.##..## #######


You could see Duvessa (resistant).

Vanquished Creatures
  An orc wizard (D:3)
  Natasha (D:4)
  2 adders
  A worm (D:3)
  2 dart slugs
  8 orcs (D:3)
  9 endoplasms
  4 giant cockroaches
  5 hobgoblins (D:1)
  6 jackals
  A quokka (D:2)
  6 ball pythons (D:1)
  7 bats
  3 frilled lizards (D:1)
  4 goblins
  2 kobolds
  5 rats
67 creatures vanquished.

Notes
Turn   | Place    | Note
-------+----------+-------------------------------------------
     0 | D:1      | Agony the Troll Fighter began the quest for the Orb.
     0 | D:1      | Reached XP level 1. HP: 22/22 MP: 0/0
   184 | D:1      | Reached XP level 2. HP: 29/29 MP: 1/1
   774 | D:1      | Reached XP level 3. HP: 36/36 MP: 2/2
  1011 | D:2      | Identified the +1 ring mail "Rismenal" {+Blink rElec rC+++
                  | Str-2}
  1798 | D:3      | Reached XP level 4. HP: 40/44 MP: 3/3
  2634 | D:3      | Found an opulent altar of Gozag.
  2843 | D:4      | Noticed Natasha
  2856 | D:4      | Killed Natasha
  2857 | D:4      | Reached XP level 5. HP: 42/53 MP: 4/4
  2893 | D:4      | Noticed Duvessa
  2894 | D:4      | Noticed Dowan
  2915 | D:4      | Slain by Duvessa

Illustrated notes

Levels and vault maps discovered:
D:1:      lordsloth_arrival_two_stooges, layout_basic
D:2:      layout_loops_ring
D:3:      layout_loops_corners, lemuel_coloured_pillars_altar
D:4:      layout_cave_pools, ebering_ghost_sewer_d, serial_glass,
          glass_columns_a, glass_columns_a, uniq_natasha, uniq_duvessa

Skill      XL: |  1  2  3  4 |
---------------+-------------+-----
Maces & Flails | 2 |  2.8
Fighting       | 3 |  3.2
Shields        | 3 |  3.1
Dodging        | 3 |  3.1

Action                   |  1- 3 |  4- 6 || total
-------------------------+-------+-------++-------
Melee: Flail             |   126 |    61 ||   187
  Use: Scroll            |     1 |       ||     1
       Potion            |       |     1 ||     1
Armor: Robe              |    49 |    12 ||    61
Dodge: Dodged            |    56 |    19 ||    75
Block: Kite shield       |    55 |    33 ||    88

Table legend: (Time is in decaauts)
 A = Elapsed time spent in this place.
 B = Non-inter-level travel time spent in this place.
 C = Inter-level travel time spent in this place.
 D = Time resting spent in this place.
 E = Time spent auto-exploring this place.
 F = Levels seen in this place.
 G = Mean time per level.
                   A        B        C        D        E       F      G
               +--------+--------+--------+--------+--------+-----+--------+
         Total |   2990 |   2631 |    359 |      3 |   2108 |   4 |  747.5 |
       Dungeon |   2990 |   2631 |    359 |      3 |   2108 |   4 |  747.5 |
               +--------+--------+--------+--------+--------+-----+--------+

Top non-repeatable levels by time:
     D:3: 1153 daAuts
     D:1: 962 daAuts
     D:2: 784 daAuts
     D:4: 90 daAuts
